 Dungeon Crawl Stone Soup version 0.29.1-1-gd02db6906a (webtiles) character file.

Game seed: 14455977603176866851

322 Godmorgon the Magician (level 6, -3/46 HPs)
             Began as a Djinni Ice Elementalist on Oct 2, 2022.
             Was a Follower of Okawaru.
             Slain by a gnoll
             ... wielding a +0 club
             ... led by a gnoll bouda
              (4 damage)
             ... on level 4 of the Dungeon.
             The game lasted 00:20:08 (5480 turns).

Godmorgon the Magician (Djinni Ice Elementalist)    Turns: 5480, Time: 00:20:08

Health: -3/46      AC:  2    Str:  7    XL:     6   Next: 76%
Gold:   133        EV: 12    Int: 18    God:    Okawaru [*.....] SH:  5 Dex: 14

rFire   + + .      SeeInvis .   a - +2 short sword (venom)
rCold   x . .      Faith    .   (no shield)
rNeg    . . .      Spirit   .   g - +0 robe
rPois   ∞          Reflect  +   (no helmet)
rElec   .          Harm     .   (no cloak)
rCorr   .          Rampage  .   (no gloves)
Will    .....                   (boots unavailable)
Stlth   ++........              e - amulet of reflection
HPRegen 0.15/turn               (no ring)
MPRegen 0.00/turn               (no ring)

@: flying
A: sickness immunity, fire resistance 2, cold vulnerability 1, float, innate
caster, HP casting, extra vitality 1
a: Renounce Religion, Heroism


You were on level 4 of the Dungeon.
You worshipped Okawaru.
Okawaru was aware of your devotion.
You visited 1 branch of the dungeon, and saw 4 of its levels.

You collected 133 gold pieces.

Inventory:

Hand Weapons
 a - a +2 short sword of venom (weapon)
Missiles
 j - 13 stones (quivered)
 o - 3 atropa-tipped darts
 x - 2 poisoned darts
Armour
 g - a +0 robe (worn)
 r - a +0 leather armour
Magical Staves
 b - a staff of fire
Jewellery
 e - an amulet of reflection (around neck)
Wands
 w - a wand of digging (5)
Scrolls
 d - 2 scrolls of teleportation {unknown}
 f - a scroll of magic mapping {unknown}
 h - 3 scrolls of enchant weapon {unknown}
 l - 7 scrolls of identify {unknown}
 m - a scroll of fear {unknown}
 q - 3 scrolls of torment {unknown}
 t - a scroll of blinking {unknown}
 u - a scroll of noise {unknown}
Potions
 c - a potion of heal wounds {unknown}
 i - a potion of cancellation {unknown}
 k - 5 potions of curing {unknown}
 n - a potion of mutation {unknown}
 p - 2 potions of might {unknown}
 s - a potion of brilliance {unknown}
 v - a potion of attraction {unknown}


   Skills:
 + Level 3.3 Fighting
 - Level 2.1 Dodging
 - Level 1.5 Stealth
 * Level 5.1 Spellcasting


You had one spell level left.
You knew the following spells:

 Your Spells              Type           Power      Damage    Failure   Level
a - Ozocubu's Armour      Ice            23%        N/A       4%          3
f - Freeze                Ice            92%        1d10      1%          1
h - Hailstorm             Conj/Ice       23%        3d7       16%         4
r - Frozen Ramparts       Ice            46%        1d7       4%          3
s - Scorch                Fire           46%        2d7       2%          2
S - Shock                 Conj/Air       92%        1d8       1%          1
Your spell library was empty.

Dungeon Overview and Level Annotations

Branches:
Dungeon (4/15)             Temple (0/1) D:4

Altars:
Cheibriados
Gozag
Okawaru

Annotations:
D:4 2 runed translucent doors, bakla's ghost, amateur DrEE


Innate Abilities, Weirdness & Mutations

You are immune to sickness and miasma.
You are immune to poison.
Your flesh is very heat resistant. (rF++)
You are vulnerable to cold. (rC-)
You float through the air rather than walking.
You learn spells naturally, not from books.
Your magical power is your life essence.
You have superior vitality. (+4 MHP)


Message History

You feel your attacks grow feeble.
The gnoll bouda hits you with a +0 whip!
Casting: Scorch (safe; 2% risk of failure)
Confirm with . or Enter, or press ? or * to list all spells.
Flames lash the gnoll.
The gnoll is heavily wounded.
The gnoll's fire resistance burns away.
The wall freezes the gnoll bouda.
The gnoll bouda hits you with a +0 whip!
The wall freezes the gnoll but does no damage.
The gnoll hits you from afar with a +0 spear!
* * * LOW HITPOINT WARNING * * *
Okay, then.
Casting: Scorch (safe; 2% risk of failure)
Confirm with . or Enter, or press ? or * to list all spells.
Okay, then.
Unknown command.
Casting: Scorch (safe; 2% risk of failure)
Confirm with . or Enter, or press ? or * to list all spells.
Flames lash the gnoll bouda.
The gnoll bouda is burned terribly!
You kill the gnoll bouda!
Okawaru accepts your kill.
* * * LOW HITPOINT WARNING * * *
The wall freezes the gnoll.
The gnoll hits you from afar with a +0 spear.
* * * LOW HITPOINT WARNING * * *
Your frozen ramparts will break if you move.
Continue?
The frozen ramparts melt away as you move.
The gnoll hits you with a +0 club.
* * * LOW HITPOINT WARNING * * *
Casting: Scorch (safe; 2% risk of failure)
Confirm with . or Enter, or press ? or * to list all spells.
Flames lash the gnoll.
The gnoll is severely wounded.
The gnoll's fire resistance burns away.
* * * LOW HITPOINT WARNING * * *
Your attacks no longer feel as feeble.
The gnoll hits you from afar with a +0 spear.
* * * LOW HITPOINT WARNING * * *
The gnoll hits you with a +0 club.
You die...

#...## ##..<..##
##.#.## ##.......#
#.###.####<........
##.#.....'....)....
#..).####.........
#.#.## ##.......#
#g### ##.....## #g#
##..[## #@# ##'##
#####.### #.#
#.......# #.#
#.###.#.#########.##
#.#
#.#.......##...##
#.#
#.#.#####.#.....#
#.###...# #.##...##
#.......# #.##...###
#######.# #.........


You could see 2 gnolls.

Vanquished Creatures
  A black bear (D:4)
  An orc priest (D:3)
  A gnoll bouda (D:4)
  An iron imp (D:3)
  4 gnolls
  3 adders (D:2)
  3 worms
  4 dart slugs
  6 orcs
  5 ball pythons
  An endoplasm (D:1)
  3 giant cockroaches
  7 goblins
  4 hobgoblins
  2 jackals (D:1)
  6 kobolds
  A quokka (D:2)
  4 bats
  A frilled lizard (D:2)
  5 rats
63 creatures vanquished.

Notes
Turn   | Place    | Note
-------+----------+-------------------------------------------
     0 | D:1      | Godmorgon the Djinni Ice Elementalist began the quest for
                  | the Orb.
     0 | D:1      | Godmorgon set off with the following spells memorised:
                  | Freeze, Frozen Ramparts, Ozocubu's Armour, Hailstorm.
     0 | D:1      | Reached XP level 1. HP: 15/15 MP: 0/0
   455 | D:1      | Reached XP level 2. HP: 14/22 MP: 0/0
   857 | D:1      | Reached skill level 1 in Fighting
  1346 | D:1      | Reached XP level 3. HP: 25/27 MP: 0/0
  1346 | D:1      | Learned a level 1 spell: Shock
  2003 | D:2      | Reached XP level 4. HP: 26/33 MP: 0/0
  2094 | D:2      | Reached skill level 4 in Spellcasting
  3011 | D:2      | Found a faded altar of an unknown god.
  3470 | D:3      | Found an iron altar of Okawaru.
  3568 | D:3      | Became a worshipper of Warmaster Okawaru
  3608 | D:3      | Reached XP level 5. HP: 35/38 MP: 0/0
  3608 | D:3      | Learned a level 2 spell: Scorch
  3869 | D:3      | Found an opulent altar of Gozag.
  4045 | D:3      | Found a snail-covered altar of Cheibriados.
  4638 | D:4      | Found a staircase to the Ecumenical Temple.
  4642 | D:4      | Noticed a black bear
  4653 | D:4      | Killed a black bear
  4653 | D:4      | Reached * piety under Okawaru
  4654 | D:4      | Reached skill level 5 in Spellcasting
  4654 | D:4      | Reached XP level 6. HP: 30/46 MP: 0/0
  4988 | D:4      | Found a runed translucent door.
  4989 | D:4      | Noticed bakla's ghost (amateur DrEE)
  5005 | D:4      | Found a runed translucent door.
  5480 | D:4      | HP: 1/46 [gnoll/+0 spear[a gnoll bouda] (2)]
  5480 | D:4      | Slain by a gnoll

Illustrated notes

Levels and vault maps discovered:
D:1:      beargit_arrival_diablo_church, layout_basic
D:2:      minmay_diamond_boxcup, layout_loops_cross,
          shapermc_ecumenical_altar_notcrosses
D:3:      layout_basic, mainiacjoe_overflow_alcove_2,
          nicolae_gozag_seed_capital, slow_altar_1
D:4:      layout_loops_corners, minmay_temple_entry_mini_moons,
          ebering_ghost_sewer_f

Skill      XL: |  1  2  3  4  5 |
---------------+----------------+-----
Fighting       | 1 2 3 |  3.3
Spellcasting   | 4 5 |  5.1
Dodging        | |  2.1
Stealth        | |  1.5

Action                   |  1- 3 |  4- 6 || total
-------------------------+-------+-------++-------
Melee: Unarmed           |     1 |       ||     1
       Short sword       |       |    13 ||    13
Throw: Stone             |     3 |       ||     3
 Cast: Freeze            |    40 |     6 ||    46
       Shock             |    11 |    43 ||    54
       Scorch            |       |    29 ||    29
       Frozen Ramparts   |       |     4 ||     4
       Ozocubu's Armour  |       |     1 ||     1
 Stab: Sleeping          |       |     2 ||     2
Armor: Robe              |     2 |     4 ||     6
Dodge: Dodged            |    16 |     7 ||    23
Block: Other             |     3 |     5 ||     8
